 Dungeon Crawl Stone Soup version 0.31-a0-524-g2a164cf6a2 (webtiles) character file.

Game seed: 14817679722470203946

78 AdnanSaban the Covered (level 4, -5/28 HPs)
             Began as a Gargoyle Fighter on Aug 12, 2023.
             Slain by a gnoll
             ... wielding a +0 halberd
              (11 damage)
             ... on level 3 of the Dungeon.
             The game lasted 00:01:21 (1357 turns).

AdnanSaban the Covered (Gargoyle Fighter)           Turns: 1357, Time: 00:01:22

Health: -5/28      AC: 10    Str: 21    XL:     4   Next: 36%
Magic:  4/4        EV:  9    Int:  9    God:
Gold:   122        SH:  4    Dex:  9    Spells: 3/3 levels left

rFire   . . .        a - +0 flail
rCold   . . .        c - +0 buckler
rNeg    + . .        b - +0 scale mail
rPois   ∞            (no helmet)
rElec   +            (no cloak)
rCorr   .            (no gloves)
SInv    .            (no boots)
Will    .....        (no amulet) Stlth
                     (no ring)
HPRegen 0.24/turn    (no ring)
MPRegen 0.09/turn

%: no passive effects
@: no status effects
A: sickness immunity, AC +3, negative energy resistance 1, electricity
resistance, torment resistance 1, petrification resistance
a: no special abilities


You were on level 3 of the Dungeon.
You visited 1 branch of the dungeon, and saw 3 of its levels.

You collected 122 gold pieces.

Inventory:

Hand Weapons
 a - a +0 flail (weapon)
Missiles
 l - 2 throwing nets
 q - 3 boomerangs
Armour
 b - a +0 scale mail (worn)
 c - a +0 buckler (worn)
Jewellery
 u - a ring of protection from fire
Wands
 n - a wand of iceblast (11)
Scrolls
 g - 3 scrolls of teleportation {unknown}
 h - 2 scrolls of butterflies {unknown}
 i - a scroll of acquirement {unknown}
 j - a scroll of identify {unknown}
 o - a scroll of blinking {unknown}
 r - 2 scrolls of immolation {unknown}
 s - a scroll of silence {unknown}
 t - a scroll of enchant armour {unknown}
Potions
 d - a potion of might
 e - a potion of attraction {unknown}
 f - a potion of mutation {unknown}
 k - 2 potions of curing {unknown}
 m - a potion of heal wounds {unknown}
 p - a potion of enlightenment {unknown}


   Skills:
 + Level 3.4 Fighting
 + Level 3.0 Maces & Flails
 + Level 4.2 Armour
 + Level 0.7 Dodging
 + Level 3.7 Shields


You had 3 spell levels left.
You didn't know any spells.
Your spell library contained the following spells:

 Spells                   Type           Power      Damage    Failure   Level
 Wereblood                Tmut           0%         N/A       89%         2
 Summon Hydra             Summ           0%         N/A       100%        7
 Sublimation of Blood     Necr           Unusable   N/A       N/A         2

Dungeon Overview and Level Annotations

Branches:
Dungeon (3/15)

Altars:


Innate Abilities, Weirdness & Mutations

You are immune to sickness and miasma.
Your stone body is resilient. (AC +3)
You are immune to poison.
You resist negative energy. (rN+)
You are resistant to electric shocks. (rElec)
You are resistant to unholy torment.
You are immune to petrification.


Message History

You barely miss the gnoll.
The gnoll is severely wounded.
The gnoll closely misses you.
You closely miss the gnoll.
The gnoll hits you from afar with a +0 halberd.
The gnoll hits you but does no damage. x2
You sock the gnoll!
The gnoll is heavily wounded.
You block the gnoll's attack. The gnoll barely misses you.
You hit the gnoll.
The gnoll is severely wounded.
The gnoll barely misses you. You block the gnoll's attack.
You hit the gnoll but do no damage.
The gnoll is severely wounded.
The gnoll hits you with a +0 flail.
The gnoll hits you from afar with a +0 halberd.
You are too injured to fight recklessly!
You are too injured to fight recklessly!
You are too injured to fight recklessly!
You are too injured to fight recklessly!
You are too injured to fight recklessly!
You are too injured to fight recklessly!
You are too injured to fight recklessly!
You are too injured to fight recklessly!
You are too injured to fight recklessly!
You are too injured to fight recklessly!
You are too injured to fight recklessly!
You are too injured to fight recklessly!
You are too injured to fight recklessly!
You are too injured to fight recklessly!
You are too injured to fight recklessly!
You are too injured to fight recklessly!
Unknown command.
You barely miss the gnoll.
The gnoll is severely wounded.
The gnoll hits you with a +0 flail.
* * * LOW HITPOINT WARNING * * *
The gnoll hits you but does no damage.
The gnoll hits you from afar with a +0 halberd!
You die...

### #.# #.#
#.## ##..#
###...#
####...#>#
#####)...###@#
#...).#### #g#
#.##### #g#
#.###### #g#
#.##...### #g.
..###.##.#...#
##.#
#...........##
.#
....###..##.#
.# ....###.##
.# .#


You could see 4 gnolls.

Vanquished Creatures
  An adder (D:3)
  2 dart slugs
  4 orcs (D:3)
  9 bats
  8 endoplasms
  3 giant cockroaches
  A goblin (D:2)
  4 hobgoblins
  7 jackals
  2 kobolds
  2 quokkas
  6 ball pythons
  2 frilled lizards (D:2)
  2 rats (D:2)
53 creatures vanquished.

Notes
Turn   | Place    | Note
-------+----------+-------------------------------------------
     0 | D:1      | AdnanSaban the Gargoyle Fighter began the quest for the
                  | Orb.
     0 | D:1      | Reached XP level 1. HP: 14/14 MP: 1/1
   219 | D:1      | Reached XP level 2. HP: 19/19 MP: 2/2
   560 | D:2      | Reached skill level 4 in Armour
   560 | D:2      | Reached XP level 3. HP: 23/23 MP: 3/3
   928 | D:2      | Found a faded altar of an unknown god.
  1077 | D:3      | Reached XP level 4. HP: 28/28 MP: 4/4
  1357 | D:3      | Slain by a gnoll

Illustrated notes

Levels and vault maps discovered:
D:1:      sevenhm_arrival_forest_fort_small_3, layout_rooms
D:2:      layout_rooms, shapermc_ecumenical_altar_mp_ritualfount
D:3:      layout_rooms, kennysheep_decorative_pillar, minmay_cut_off

Skill      XL: |  1  2  3  4 |
---------------+-------------+-----
Armour         | 4 |  4.2
Maces & Flails | 3 |  3.0
Fighting       | |  3.4
Dodging        | |  0.7
Shields        | |  3.7

Action                     |  1- 3 |  4- 6 || total
---------------------------+-------+-------++-------
  Melee: Flail             |   132 |    44 ||   176
 Armour: Scale mail        |    99 |    23 ||   122
  Dodge: Dodged            |    94 |    21 ||   115
  Block: Buckler           |    37 |    16 ||    53

Table legend: (Time is in decaauts)
 A = Elapsed time spent in this place.
 B = Non-inter-level travel time spent in this place.
 C = Inter-level travel time spent in this place.
 D = Time resting spent in this place.
 E = Time spent auto-exploring this place.
 F = Levels seen in this place.
 G = Mean time per level.
                   A        B        C        D        E       F      G
               +--------+--------+--------+--------+--------+-----+--------+
         Total |   1412 |   1378 |     34 |      0 |    979 |   3 |  470.7 |
       Dungeon |   1412 |   1378 |     34 |      0 |    979 |   3 |  470.7 |
               +--------+--------+--------+--------+--------+-----+--------+

Top non-repeatable levels by time:
     D:2: 608 daAuts
     D:1: 506 daAuts
     D:3: 298 daAuts
